 Dungeon Crawl Stone Soup version 0.30.1-4-g462c640d31 (webtiles) character file.

Game seed: 1764780079768480861

480 Lightbringer the Chopper (level 7, -2/61 HPs)
             Began as a Hill Orc Berserker on Sept 5, 2023.
             Was a Priest of Trog.
             Slain by an ogre
             ... wielding a +0 giant club
              (11 damage)
             ... on level 5 of the Dungeon.
             The game lasted 00:09:58 (4208 turns).

Lightbringer the Chopper (Hill Orc Berserker)       Turns: 4208, Time: 00:09:59

Health: -2/61      AC:  7    Str: 22    XL:     7   Next: 11%
Magic:  7/7        EV: 11    Int:  7    God:    Trog [***...]
Gold:   128        SH:  0    Dex: 10    Spells: 6/6 levels left

rFire   . . .        a - +0 hand axe
rCold   . . .        (no shield)
rNeg    . . .        f - +0 scale mail
rPois   +            (no helmet)
rElec   .            (no cloak)
rCorr   .            (no gloves)
SInv    .            (no boots)
Will    .....        v - amulet of the acrobat
Stlth   x              - ring of poison resistance
HPRegen 0.30/turn    (no ring)
MPRegen 0.10/turn

%: acrobat
@: no status effects
A: no striking features
a: Renounce Religion, Berserk, Trog's Hand


You were on level 5 of the Dungeon.
You worshipped Trog.
Trog was most pleased with you.
You visited 1 branch of the dungeon, and saw 5 of its levels.

You collected 128 gold pieces.

Inventory:

Hand Weapons
 a - a +0 hand axe (weapon)
Armour
 b - a +0 animal skin
 f - a +0 scale mail (worn)
Magical Staves
 p - a staff of cold
Jewellery
 v - an amulet of the acrobat (around neck)
 w - a ring of flight
 x - a ring of poison resistance (left hand)
Wands
 A - a wand of digging (4)
Scrolls
 e - 2 scrolls of amnesia {unknown}
 g - 5 scrolls of teleportation {unknown}
 k - a scroll of acquirement {unknown}
 m - a scroll of magic mapping {unknown}
 n - a scroll of immolation {unknown}
 o - 2 scrolls of blinking {unknown}
 r - 4 scrolls of identify {unknown}
 s - 2 scrolls of poison {unknown}
 t - a scroll of fog {unknown}
 u - a scroll of summoning {unknown}
 y - a scroll of brand weapon {unknown}
 C - a scroll of noise {unknown}
Potions
 c - 3 potions of curing {unknown}
 d - 3 potions of mutation {unknown}
 h - 3 potions of heal wounds {unknown}
 i - a potion of might {unknown}
 j - a potion of brilliance {unknown}
 l - a potion of haste
 q - a potion of lignification {unknown}
 z - 2 potions of flight {unknown}
 B - a potion of degeneration {unknown}


   Skills:
 + Level 5.6 Fighting
 + Level 6.1 Axes
 + Level 4.4 Armour
 + Level 3.3 Dodging


You had 6 spell levels left.
You didn't know any spells.
Your spell library was empty.

Dungeon Overview and Level Annotations

Branches:
Dungeon (5/15)
 Temple: D:4-7

Altars:

Annotations:
D:4 2 transporters, zxspectator's ghost, amateur GrFi


Message History

HP restored.
Items here: ( )) ††.
An ogre comes into view. It is wielding a +0 giant club.
The ogre shouts!
An ufetubus comes into view.
The ufetubus shouts!
The ufetubus misses you. x2
The ufetubus hits you but does no damage.
The ufetubus completely misses you. The ufetubus misses you.
The ufetubus closely misses you.
You miss the ufetubus. The ufetubus misses you.
The ufetubus closely misses you. The ufetubus barely misses you.
The ufetubus hits you but does no damage.
You barely miss the ufetubus. The ufetubus hits you.
The ufetubus barely misses you.
You slash the ufetubus!
You kill the ufetubus!
Trog accepts your kill.
You hit the ogre.
The ogre is lightly wounded.
The ogre hits you with a +0 giant club!!
You barely miss the ogre.
The ogre is lightly wounded.
The ogre hits you with a +0 giant club!!
* * * LOW HITPOINT WARNING * * *
You slash the ogre!
The ogre is heavily wounded.
You hit the ogre.
The ogre is heavily wounded.
The ogre barely misses you.
You slash the ogre! You punch the ogre.
The ogre is almost dead.
The ogre hits you with a +0 giant club!
* * * LOW HITPOINT WARNING * * *
You hit the ogre but do no damage.
The ogre is almost dead.
You hit the ogre.
The ogre is almost dead.
The ogre hits you with a +0 giant club!
You die...

.## .......$. ### ..#
#....O..# ..# #.#
........#
..###.#####.......# .#
..##.##..........#
...####.##....##.......#
#......##....|..#.....#
#.........####O#####..
#######.........@.#
...)....<...###...####
..#..[..........))...#
......#.#....#.##)##...#
#...#.#.#.##.#....# #...
....#...........#.. ..
.#.....##.#.#.#.#..#
.#...#....#.#.# ..##
.....#..... ) . ..#


You could see an ogre.

Vanquished Creatures
  A hound (D:4)
  An orc priest (D:4)
  A sleepcap (D:4)
  Jessica (D:3)
  Natasha (twice) (D:4)
  Terence (D:3)
  2 orc wizards (D:4)
  An iguana (D:4)
  5 gnolls
  5 adders
  A shadow imp (D:4)
  An ufetubus (D:5)
  2 dart slugs
  7 orcs
  6 bats
  6 endoplasms
  5 giant cockroaches
  14 goblins
  9 hobgoblins
  7 jackals
  7 kobolds
  5 quokkas
  9 ball pythons
  2 frilled lizards
  3 rats (D:2)
  A spectral goblin (D:2)
105 creatures vanquished.

Notes
Turn   | Place    | Note
-------+----------+-------------------------------------------
     0 | D:1      | Lightbringer the Hill Orc Berserker began the quest for the
                  | Orb.
     0 | D:1      | Reached XP level 1. HP: 19/19 MP: 1/1
   164 | D:1      | Reached XP level 2. HP: 27/27 MP: 2/2
   326 | D:1      | Reached XP level 3. HP: 28/33 MP: 3/3
   991 | D:2      | Reached ** piety under Trog
  1255 | D:2      | Reached XP level 4. HP: 38/40 MP: 4/4
  1310 | D:2      | Found a faded altar of an unknown god.
  2247 | D:3      | Reached skill level 5 in Axes
  2285 | D:3      | Reached *** piety under Trog
  2286 | D:3      | Reached XP level 5. HP: 44/47 MP: 5/5
  2379 | D:3      | Noticed Terence
  2407 | D:3      | Killed Terence
  2636 | D:3      | Noticed Jessica
  2661 | D:3      | Killed Jessica
  2913 | D:4      | Noticed zxspectator's ghost (amateur GrFi)
  2916 | D:4      | Identified the +8 giant club of Peimoat {venom, Str+4}
  2916 | D:4      | Noticed an ogre
  2924 | D:4      | Found a transporter.
  2942 | D:4      | Found a transporter.
  2979 | D:4      | Reached skill level 5 in Fighting
  2979 | D:4      | Reached XP level 6. HP: 56/56 MP: 6/6
  3005 | D:4      | Noticed Natasha
  3018 | D:4      | Killed Natasha
  3402 | D:4      | Noticed Natasha
  3415 | D:4      | Killed Natasha
  3602 | D:4      | Reached skill level 6 in Axes
  3879 | D:4      | Reached XP level 7. HP: 61/61 MP: 7/7
  4050 | D:5      | Entered Level 5 of the Dungeon
  4208 | D:5      | Slain by an ogre

Illustrated notes

Levels and vault maps discovered:
D:1:      dpeg_arrival_ternary, layout_loops_ring, roderic_serpentine_path,
          serial_park_tiny_2, minmay_close_crescents
D:2:      layout_basic, serial_curves, eino_curves_01, eino_curves_02,
          eino_curves_02, dreamdust_ecumenical_altar_drowned_temple
D:3:      layout_rooms, uniq_jessica, uniq_terence
D:4:      layout_loops_corners, gammafunk_ghost_smash, chequers_big_river,
          uniq_natasha
D:5:      layout_rooms, minmay_temple_entry_ruins, serial_curves,
          eino_curves_01, eino_curves_01, eino_curves_02,
          nicolae_concentric_dashed_squares_mild, minmay_misc_feat_iff

Skill      XL: |  1  2  3  4  5  6 |
---------------+-------------------+-----
Fighting       | 4 5 |  5.6
Dodging        | 2 3 |  3.3
Armour         | 3 4 |  4.4
Axes           | 5 6 |  6.1

Action                     |  1- 3 |  4- 6 |  7- 9 || total
---------------------------+-------+-------+-------++-------
  Melee: Hand axe          |    95 |   271 |    28 ||   394
         Punch             |     2 |     6 |     1 ||     9
 Invoke: Berserk           |       |     3 |       ||     3
 Armour: Animal skin       |     3 |       |       ||     3
         Scale mail        |    37 |   115 |     8 ||   160
  Dodge: Dodged            |    61 |   198 |    19 ||   278
